 Dungeon Crawl Stone Soup version 0.17.1-3-g152610e (webtiles) character file.

6973 Yevrel the Grappler (level 10, -9/156 HPs)
             Began as a Troll Monk on Apr 4, 2016.
             Was an Elder of Trog.
             Mangled by a yak (13 damage)
             ... on level 1 of the Lair of Beasts.
             The game lasted 00:36:47 (9008 turns).

Yevrel the Grappler (Troll Monk)                    Turns: 9008, Time: 00:36:47

Health: -9/156     AC:  7    Str: 29    XL:     10   Next: 81%
Magic:  9/9        EV: 13    Int:  6    God:    Trog [****..]
Gold:   362        SH:  0    Dex: 12    Spells: 0 memorised, 9 levels left

rFire  . . .     SeeInvis .       - Unarmed
rCold  . . .     Clarity  .     o - +0 animal skin
rNeg   . . .     SustAt   +     (no shield)
rPois  .         Gourm    +     (helmet restricted)
rElec  .         Spirit   .     y - +1 cloak
rCorr  .         Warding  .     (gloves unavailable)
rMut   .         Stasis   .     (boots unavailable)
MR     +++..                    B - amulet of rage
Stlth  ..........               (no ring)
                                f - ring of Jakexowk {SustAt *Drain MR+++ Slay+2 Stlth+}

@: berserking, very quick, extremely resistant to hostile enchantments,
extremely unstealthy
A: unfitting armour, claws 3, fast metabolism 3, gourmand, regeneration 2,
shaggy fur 1, tough skin 2
a: Berserk, Trog's Hand, Brothers in Arms, Burn Spellbooks, Renounce Religion,
Evoke Berserk Rage


You were on level 1 of the Lair of Beasts.
You worshipped Trog.
Trog was greatly pleased with you.
You were very full.

You visited 3 branches of the dungeon, and saw 11 of its levels.

You collected 612 gold pieces.
You spent 250 gold pieces at shops.

Inventory:

Hand Weapons
 m - a +2 whip of freezing
 t - a +3 falchion of holy wrath
 u - a +3 quarterstaff of chaos
 K - a +0 giant spiked club
 N - a +2 dagger of draining
 S - a +1 long sword of slicing
Missiles
 x - 15 tomahawks
 D - 7 tomahawks of returning (quivered)
 E - a throwing net
Armour
 a - a +0 robe
 o - a +0 animal skin (worn)
 v - a +0 cloak
 y - a +1 cloak (worn)
Magical Staves
 C - an uncursed staff of wizardry {unknown}
Jewellery
 f - the ring of Jakexowk (left claw) {SustAt *Drain MR+++ Slay+2 Stlth+}
   (You bought it in a shop on level 5 of the Dungeon)

   [ring of sustain attributes]

   It sustains your strength, intelligence and dexterity.
   It affects your accuracy and damage with ranged weapons and melee attacks
   (+2).
   It affects your resistance to hostile enchantments.
   It causes draining when unequipped.
   It makes you more stealthy.
 w - an uncursed amulet of regeneration
 A - an uncursed ring of magical power
 B - an amulet of rage (around neck)
 G - an uncursed ring of ice
Wands
 q - a wand of lightning (9)
 F - a wand of paralysis (14)
 I - a wand of frost (33)
 J - a wand of frost (14)
 L - a wand of enslavement (9)
 P - a wand of flame (25)
Scrolls
 h - 4 scrolls of identify
 k - a scroll of blinking
 p - 3 scrolls of remove curse
 r - 2 scrolls of magic mapping
 M - a scroll of enchant weapon
 Q - a scroll of fog {unknown}
 R - a scroll of teleportation
Potions
 d - 3 potions of curing {unknown}
 e - a potion of cancellation {unknown}
 i - a potion of invisibility {unknown}
 j - 4 potions of heal wounds {unknown}
 l - 2 potions of lignification {unknown}
 n - a potion of magic {unknown}
 z - 4 potions of ambrosia {unknown}
 O - 2 potions of flight {unknown}
Comestibles
 b - 13 bread rations
 c - 2 fruits
 g - 2 beef jerkies
 s - 2 meat rations


   Skills:
 * Level 8.1 Fighting
 + Level 7.9 Dodging
 - Level 1.3 Stealth
 * Level 11.2 Unarmed Combat


You had 9 spell levels left.
You didn't know any spells.

Dungeon Overview and Level Annotations

Branches:
Dungeon (9/15)             Temple (1/1) D:4            Lair (1/8) D:9
    Orc: D:9-12

Altars:
Ashenzari
Cheibriados
Dithmenos
Elyvilon
Kikubaaqudgha
Sif Muna
Trog
Vehumet
Xom
Zin
The Shining One

Shops:
D:5 *%%   D:6 (   D:7 ?


Innate Abilities, Weirdness & Mutations

You are too large for most types of armour.
You have claws for hands.
Your metabolism is lightning-fast.
You like to eat raw meat.
You heal very quickly.
You are covered in fur (AC +1).
You have very tough skin (AC +2).


Message History

The yak is lightly wounded.
The yak closely misses you.
You mangle the yak!!
The yak is severely wounded.
The yak gores you!
* * * LOW HITPOINT WARNING * * *
The yak gores you but does no damage.
You eviscerate the yak!!!
You kill the yak!
Trog accepts your kill. The yak gores you.
* * * LOW HITPOINT WARNING * * *
You scratch the yak.
The yak is lightly wounded.
The yak closely misses you. The yak gores you.
* * * LOW HITPOINT WARNING * * *
You barely miss the yak.
The yak is lightly wounded.
The yak gores you!
You die...

♣♣#####....##
###....#
.##...##
♣....##...## ♣
♣.Y..#....P# ♣.
♣....##....# ♣♣.
#.#..##...##
♣...#.##.##...#
♣......@......##
......YY.......#
..............##
..............#
..............#
..............#
....##.######..#
....#.. .P#
....... ..#


You could see 2 yaks.

Vanquished Creatures
  Erolcha (D:8)
  The ghost of Endymion the Archer, a novice CeHu of Makhleb (D:8)
  The ghost of Endymion the Archer, a novice CeHu of Ru (D:6)
  Maurice (D:8)
  A komodo dragon (D:9)
  Prince Ribbit (D:6)
  A deep elf mage (D:9)
  A spriggan (D:8)
  2 hippogriffs (D:8)
  2 yaks (Lair:1)
  Grum (D:8)
  2 wolves (D:8)
  3 orc warriors
  2 ice beasts
  2 sky beasts
  A wasp (D:9)
  2 black bears (D:9)
  An eye of draining (D:8)
  2 phantoms
  2 ogres
  A centaur (D:7)
  The ghost of azaza322 the Shield-Bearer, an amateur GrFi (D:3)
  3 giant frogs
  A big kobold (D:9)
  A wyvern zombie (D:6)
  7 wights (D:9)
  3 killer bees (D:8)
  A scorpion (D:9)
  An electric eel (D:9)
  A crimson imp (D:5)
  3 giant frog zombies
  An orc priest (D:7)
  5 jellies
  4 hounds
  Crazy Yiuf (D:3)
  A centaur zombie (D:9)
  6 orc wizards
  2 giant frog skeletons
  Terence (D:3)
  3 iguanas
  4 worker ants
  A worker ant zombie (D:5)
  7 adders
  A shadow imp (D:7)
  An ooze (D:3)
  An adder skeleton (D:4)
  An adder zombie (D:8)
  3 worms
  6 giant geckos
  24 orcs
  A ball python (D:2)
  5 giant cockroaches
  8 goblins
  12 hobgoblins
  15 jackals
  2 quokkas
  7 bats
  A giant gecko skeleton (D:9)
  A giant gecko zombie (D:6)
  5 giant newts
  A jackal zombie (D:6)
  14 kobolds
  2 quokka skeletons
  5 rats
  3 bushes
  A fungus (D:3)
  8 plants
217 creatures vanquished.

Vanquished Creatures (others)
  2 plants (D:9)
2 creatures vanquished.

Grand Total: 219 creatures vanquished

Notes
Turn   | Place    | Note
--------------------------------------------------------------
     0 | D:1      | Yevrel the Troll Monk began the quest for the Orb.
     0 | D:1      | Reached XP level 1. HP: 22/22 MP: 0/0
   278 | D:1      | Reached XP level 2. HP: 27/29 MP: 1/1
   824 | D:2      | Reached XP level 3. HP: 34/36 MP: 2/2
  1228 | D:2      | Found a deep blue altar of Sif Muna.
  1346 | D:2      | Reached XP level 4. HP: 44/44 MP: 3/3
  1582 | D:3      | Found a snail-covered altar of Cheibriados.
  1866 | D:3      | Noticed azaza322's ghost (amateur GrFi)
  1876 | D:3      | Killed azaza322's ghost
  1876 | D:3      | Reached XP level 5. HP: 42/53 MP: 4/4
  1918 | D:3      | Noticed Terence
  1932 | D:3      | Killed Terence
  2090 | D:3      | Noticed Crazy Yiuf
  2099 | D:3      | Killed Crazy Yiuf
  2099 | D:3      | Reached skill level 5 in Unarmed Combat
  2581 | D:4      | Noticed a phantom
  2628 | D:4      | Killed a phantom
  2628 | D:4      | Reached XP level 6. HP: 56/61 MP: 5/5
  2899 | D:4      | Found a staircase to the Ecumenical Temple.
  2905 | Temple   | Entered the Ecumenical Temple
  2927 | Temple   | Became a worshipper of Trog the Wrathful
  2927 | Temple   | Reached * piety under Trog
  2927 | Temple   | Reached ** piety under Trog
  3683 | D:5      | Entered Level 5 of the Dungeon
  3699 | D:5      | Found Caikion's Food Shoppe.
  3718 | D:5      | Reached XP level 7. HP: 49/68 MP: 6/6
  3846 | D:5      | Reached skill level 6 in Unarmed Combat
  4008 | D:5      | Found Xausiytt's Food Emporium.
  4228 | D:5      | Reached skill level 5 in Dodging
  4364 | D:5      | Found a white marble altar of Elyvilon.
  4364 | D:5      | Found a shadowy altar of Dithmenos.
  4370 | D:5      | Found a glowing golden altar of the Shining One.
  4443 | D:5      | Found Keredem's Assorted Antiques.
  4462 | D:5      | Bought a translucent jade ring for 125 gold pieces
  4462 | D:5      | Bought a thick diamond amulet for 125 gold pieces
  4912 | D:6      | Noticed Prince Ribbit
  4930 | D:6      | Killed Prince Ribbit
  4930 | D:6      | Reached skill level 7 in Unarmed Combat
  4930 | D:6      | Reached XP level 8. HP: 60/79 MP: 7/7
  4972 | D:6      | Reached skill level 5 in Fighting
  5130 | D:6      | Found Meafikh's Antique Weapon Shop.
  5143 | D:6      | Identified the ring of Jakexowk {SustAt *Drain MR+++ Slay+2 Stlth+} (You bought it in a shop on level 5 of the Dungeon)
  5211 | D:6      | Noticed an angel
  5212 | D:6      | Found a glowing silver altar of Zin.
  5212 | D:6      | Found a shimmering altar of Xom.
  5433 | D:6      | Noticed Endymion's ghost (novice CeHu)
  5452 | D:6      | Killed Endymion's ghost
  5452 | D:6      | Reached skill level 8 in Unarmed Combat
  5648 | D:6      | Reached XP level 9. HP: 89/89 MP: 8/8
  6069 | D:7      | Reached *** piety under Trog
  6128 | D:7      | Found a bloodstained altar of Trog.
  6572 | D:7      | Found Huud's Magic Scroll Emporium.
  6840 | D:8      | Noticed Endymion's ghost (novice CeHu)
  6856 | D:8      | Killed Endymion's ghost
  6856 | D:8      | Reached skill level 9 in Unarmed Combat
  7077 | D:8      | Noticed Maurice
  7087 | D:8      | Killed Maurice
  7255 | D:8      | Noticed Grum
  7266 | D:8      | Killed Grum
  7269 | D:8      | Reached skill level 10 in Unarmed Combat
  7269 | D:8      | Reached XP level 10. HP: 18/102 MP: 9/9
  7442 | D:8      | Identified a scroll of acquirement
  7490 | D:8      | Found a bloodstained altar of Trog.
  7850 | D:8      | Noticed Erolcha
  7863 | D:8      | Killed Erolcha
  8012 | D:9      | Found a staircase to the Lair.
  8022 | D:9      | Reached **** piety under Trog
  8300 | D:9      | Found a radiant altar of Vehumet.
  8372 | D:9      | Reached skill level 11 in Unarmed Combat
  8977 | Lair:1   | Entered Level 1 of the Lair of Beasts
  9005 | Lair:1   | HP: 4/156 [yak (14)]
  9008 | Lair:1   | Mangled by a yak

Action                   |  1- 3 |  4- 6 |  7- 9 | 10-12 || total
-------------------------+-------+-------+-------+-------++-------
Melee: Unarmed           |   106 |   296 |   261 |   168 ||   831
Invok: Burn Spellbooks   |       |       |     2 |       ||     2
       Berserk           |       |       |     4 |     3 ||     7
  Use: Scroll            |     1 |       |     9 |     6 ||    16
 Stab: Sleeping          |     1 |       |     4 |     4 ||     9
  Eat: Chunk             |    18 |    19 |    33 |    18 ||    88
       Meat ration       |       |       |     1 |       ||     1
